 Dungeon Crawl Stone Soup version 0.17-a0-1508-ge7f3dc3 (webtiles) character file.

72 urechis the Sneak (level 4, 0/28 HPs)
             Began as a Kobold Berserker on July 10, 2015.
             Was a Believer of Trog.
             Slain by an orc
             ... wielding a +0 dagger
              (4 damage)
             ... on level 3 of the Dungeon.
             The game lasted 00:03:24 (1245 turns).

urechis the Sneak (Kobold Berserker)                Turns: 1245, Time: 00:03:25

Health: 0/28       AC:  2    Str: 15    XL:     4   Next: 50%
Magic:  4/4        EV: 15    Int:  5    God:    Trog [**....]
Gold:   157        SH:  0    Dex: 16    Spells: 0 memorised, 3 levels left

rFire  + . .     SeeInvis .     a - +0 short sword
rCold  x . .     Clarity  .     b - +0 animal skin
rNeg   . . .     SustAt   .     (shield restricted)
rPois  .         Gourm    .     (no helmet)
rElec  .         Spirit   .     (no cloak)
rCorr  .         Warding  .     (no gloves)
rMut   .         Stasis   .     (no boots)
MR     .....                    (no amulet)
Stlth  +.........               (no ring)
                                h - ring of fire (curse)

@: confused, exhausted, slowed, very slow, not resistant to hostile
enchantments, very unstealthy
A: carnivore 3
a: Burn Spellbooks, Berserk, Trog's Hand, Renounce Religion


You were on level 3 of the Dungeon.
You worshipped Trog.
Trog was pleased with you.
You were very full.

You visited 1 branch of the dungeon, and saw 3 of its levels.

You collected 157 gold pieces.

Inventory:

Hand weapons
 a - a +0 short sword (weapon)
 m - a +0 dagger of venom
 n - a cursed +0 dagger
Armour
 b - a +0 animal skin (worn)
Jewellery
 h - a cursed ring of fire (left hand)
Magical devices
 o - a wand of fire (10)
Scrolls
 g - a scroll of remove curse {unknown}
 i - a scroll of recharging {unknown}
 j - a scroll of teleportation {unknown}
 k - 2 scrolls of identify {unknown}
 l - 2 scrolls of fog {unknown}
 p - a scroll of enchant armour {unknown}
Potions
 d - a potion of lignification {unknown}
 e - 3 potions of brilliance {unknown}
 f - a potion of agility {unknown}
Comestibles
 c - 2 meat rations


   Skills:
 - Level 3.2 Fighting
 - Level 4.0 Short Blades
 - Level 1.5 Armour
 - Level 2.4 Dodging
 + Level 5.5 Stealth


You had 3 spell levels left.
You didn't know any spells.

Dungeon Overview and Level Annotations

Branches:
Dungeon (3/15)

Altars:
Nemelex Xobeh


Innate Abilities, Weirdness & Mutations

You are small and have problems with some larger weapons.
You are carnivorous and can eat meat at any time.


Message History

The magic dart hits you! The orc misses you.
You hit the orc but do no damage.
The orc is heavily wounded.
The orc hits you with a dagger.
You're too confused!
The orc hits you with an enchanted whip.
The orc wizard mumbles some strange words.
The orc wizard flickers and vanishes!
Deactivating autopickup; reactivate with Ctrl-A.
The orc closely misses you. The orc hits you but does no damage.
The orc barely misses you. The orc completely misses you.
Something hits you but does no damage. The orc barely misses you.
You're too confused to move!
The orc hits you with a dagger.
* * * LOW HITPOINT WARNING * * *
Something hits you but does no damage.
The orc hits you with an enchanted whip.
* * * LOW HITPOINT WARNING * * *
Something barely misses you. The orc hits you with a dagger.
You die...

####### #.....# ..
#### #.....######.#.
.....##.....#........
K......#...<.#........
......................
.............#........
........).............
............!o@...)...
.............o{..)....
..........###.........
........######........
...........###.##.....
.....#.#....##.# .#.#.
## ...>...)..#.....
..# #.. ..........#
.... ###.##. #.##
......#.###
.......#.....# #...


You could see 2 orcs.

Vanquished Creatures
  An adder (D:3)
  2 worms
  2 giant geckos
  2 orcs (D:3)
  8 bats
  4 giant cockroaches
  9 hobgoblins
  A kobold (D:1)
  4 ball pythons
  A giant cockroach zombie (D:3)
  3 giant newts
  6 goblins
  10 rats
53 creatures vanquished.

Notes
Turn   | Place    | Note
--------------------------------------------------------------
     0 | D:1      | urechis the Kobold Berserker began the quest for the Orb.
     0 | D:1      | Reached XP level 1. HP: 14/14 MP: 1/1
    30 | D:1      | Reached skill level 1 in Stealth
    45 | D:1      | Reached XP level 2. HP: 10/19 MP: 2/2
   127 | D:1      | Found a sparkling altar of Nemelex Xobeh.
   519 | D:2      | Reached XP level 3. HP: 23/23 MP: 3/3
   524 | D:2      | Acquired Trog's second power
  1022 | D:3      | Reached XP level 4. HP: 28/28 MP: 4/4
  1024 | D:3      | Reached skill level 5 in Stealth
  1245 | D:3      | Slain by an orc

Vault maps used:
D:1:      roderic_dead_forest, solitary_fountain, nemelex_diamond_rough_becter
D:2:      first_bread, st_stairs_12
D:3:      minmay_misc_feat_five, minivault_23

Action                   |  1- 3 |  4- 6 || total
-------------------------+-------+-------++-------
Melee: Short sword       |    89 |    34 ||   123
Invok: Berserk           |     3 |     1 ||     4
 Stab: Sleeping          |    10 |     4 ||    14
  Eat: Chunk             |    10 |     2 ||    12
